 Dungeon Crawl Stone Soup version 0.29-a0-559-g359e09b9d1 (webtiles) character file.

Game seed: 3205315893523690268

352 grumblor the Skirmisher (level 6, -6/51 HPs)
             Began as a Mummy Fighter on June 10, 2022.
             Mangled by a gnoll
             ... wielding a +2 halberd of venom
              (14 damage)
             ... on level 4 of the Dungeon.
             The game lasted 00:04:53 (4330 turns).

grumblor the Skirmisher (Mummy Fighter)             Turns: 4330, Time: 00:04:54

Health: -6/51      AC:  9    Str: 21    XL:     6   Next: 35%
Magic:  6/6        EV:  7    Int:  8    God:
Gold:   287        SH:  4    Dex: 11    Spells: 5/5 levels left

rFire   . . .      SeeInvis .   k - +3 war axe
rCold   + + .      Faith    .   c - +0 buckler
rNeg    + + +      Spirit   .   l - +0 chain mail
rPois   ∞          Reflect  .   (no helmet)
rElec   .          Harm     .   d - scarf {rC+ rF+}
rCorr   .          Rampage  .   h - +0 pair of gloves
Will    .....                   (no boots)
Stlth   ..........              (no amulet)
HPRegen 0.17/turn               (no ring)
MPRegen 0.10/turn               (no ring)

@: no status effects
A: cold resistance 1, negative energy resistance 3, torment resistance 2, heat
vulnerability 1, in touch with death 1, no potions
a: no special abilities


You were on level 4 of the Dungeon.
You visited 1 branch of the dungeon, and saw 4 of its levels.

You collected 287 gold pieces.

Inventory:

Hand Weapons
 a - a +0 war axe
 k - a +3 war axe (weapon)
Missiles
 g - 5 boomerangs (quivered)
Armour
 c - a +0 buckler (worn)
 d - a scarf of resistance (worn)
 h - a +0 pair of gloves (worn)
 l - a +0 chain mail (worn)
Scrolls
 e - 4 scrolls of teleportation
 f - a scroll of noise {unknown}
 i - 3 scrolls of fog
 j - a scroll of enchant weapon {unknown}


   Skills:
 * Level 5.0 Fighting
 + Level 4.0 Axes
 * Level 1.7 Throwing
 - Level 2.4 Armour
 - Level 2.4 Shields


You had 5 spell levels left.
You didn't know any spells.
Your spell library contained the following spells:

 Spells                   Type           Power      Damage    Failure   Level
 Tukima's Dance           Hex            0%         N/A       100%        3
 Passage of Golubria      Tloc           0%         N/A       100%        4
 Yara's Violent Unravell  Hex/Tmut       0%         3d3       100%        5


Dungeon Overview and Level Annotations

Branches:
Dungeon (4/15)
 Temple: D:4-7

Altars:
Sif Muna
Uskayaw
The Shining One

Shops:
D:4 :


Innate Abilities, Weirdness & Mutations

You are immune to poison.
Your flesh is cold resistant. (rC+)
You are immune to negative energy. (rN+++)
You are immune to unholy pain and torment.
You are vulnerable to heat. (rF-)
You are in touch with the powers of death.
You do not drink.


Message History

The gnoll shouts! x3
The gnoll hits you from afar with a +2 halberd of venom!
The gnoll hits you with a +2 halberd of venom!
You barely miss the gnoll. The gnoll closely misses you.
You hit the gnoll.
The gnoll is lightly wounded.
You block the gnoll's attack.
The gnoll hits you with a +2 halberd of venom.
You hit the gnoll but do no damage.
The gnoll is lightly wounded.
You hit the gnoll.
The gnoll is heavily wounded.
The gnoll hits you but does no damage.
You closely miss the gnoll.
The gnoll is heavily wounded.
The gnoll hits you but does no damage. The gnoll barely misses you.
The gnoll hits you with a +0 flail.
The gnoll hits you from afar with a +2 halberd of venom.
You are too injured to fight recklessly!
You are too injured to fight recklessly!
You are too injured to fight recklessly!
You are too injured to fight recklessly!
You are too injured to fight recklessly!
You are too injured to fight recklessly!
You are too injured to fight recklessly!
You are too injured to fight recklessly!
You are too injured to fight recklessly!
You are too injured to fight recklessly!
You are too injured to fight recklessly!
You are too injured to fight recklessly!
You are too injured to fight recklessly!
The gnoll attacks as you move away! The gnoll barely misses you.
The gnoll attacks as you move away! The gnoll hits you with a +0 flail.
You slash the gnoll!
You kill the gnoll!
The gnoll hits you from afar with a +2 halberd of venom!
* * * LOW HITPOINT WARNING * * *
Your Fighting skill increases to level 5!
The gnoll hits you with a +2 halberd of venom!
You die...

######.####+###
##.#.#.#.##
#))....# #.#
#########
#)###### #.#
#.# #.# #.# #.#
#.# #.# #.# #g#
#.# #g#
#.#########@#
#......(....#
###########.#
###


You could see 2 gnolls.

Vanquished Creatures
  A necrophage (D:4)
  A scorpion (D:3)
  A hound (D:4)
  An iguana (D:4)
  An orc wizard (D:4)
  6 adders
  A gnoll (D:4)
  3 worms
  A dart slug (D:1)
  5 orcs (D:4)
  3 endoplasms
  5 giant cockroaches
  7 goblins
  9 hobgoblins
  6 jackals
  6 kobolds
  3 quokkas
  5 ball pythons
  5 bats
  2 frilled lizards (D:2)
  8 rats
80 creatures vanquished.

Notes
Turn   | Place    | Note
-------+----------+-------------------------------------------
     0 | D:1      | grumblor the Mummy Fighter began the quest for the Orb.
     0 | D:1      | Reached XP level 1. HP: 18/18 MP: 1/1
   340 | D:1      | Reached XP level 2. HP: 24/24 MP: 2/2
   935 | D:2      | Gained mutation: You are in touch with the powers of death.
                  | [Mummy growth]
   935 | D:2      | Reached XP level 3. HP: 28/30 MP: 3/3
  1228 | D:2      | Found a hide-covered altar of Uskayaw.
  1641 | D:2      | Reached skill level 4 in Fighting
  1749 | D:2      | Reached XP level 4. HP: 37/37 MP: 4/4
  1771 | D:2      | Found a faded altar of an unknown god.
  2411 | D:3      | Noticed a scorpion
  2423 | D:3      | Killed a scorpion
  2424 | D:3      | Reached skill level 1 in Throwing
  2424 | D:3      | Reached XP level 5. HP: 18/43 MP: 5/5
  3467 | D:4      | Found Riaf's Book Emporium.
  3509 | D:4      | Identified the +8 flail of Honour {antimagic, rC+ Int+6}
  3805 | D:4      | Found a shimmering blue altar of Sif Muna.
  3813 | D:4      | Reached XP level 6. HP: 46/50 MP: 6/6
  4330 | D:4      | Reached skill level 5 in Fighting
  4330 | D:4      | Mangled by a gnoll

Illustrated notes

Levels and vault maps discovered:
D:1:      lightli_arrival_lavapool, layout_basic, dreamdust_wishing_well
D:2:      layout_basic, basic_altar, shapermc_ecumenical_altar_mp_vishouse,
          hangedman_decor_clover_reticule, dk_noncrumbling_3
D:3:      layout_basic, roderic_lattice_a
D:4:      layout_basic, jmf_multi_god_temple, serial_shops,
          nicolae_diamond_shop, minmay_misc_feat_doors

Skill      XL: |  1  2  3  4  5  6 |
---------------+-------------------+-----
Axes           | 2 3 4 |  4.0
Fighting       | 4 5 |  5.0
Throwing       | 1 |  1.7
Armour         | |  2.4
Shields        | |  2.4

Action                   |  1- 3 |  4- 6 || total
-------------------------+-------+-------++-------
Melee: War axe           |   157 |   118 ||   275
Throw: Boomerang         |       |     2 ||     2
  Use: Scroll            |     2 |     2 ||     4
Armor: Scale mail        |    92 |    14 ||   106
       Chain mail        |       |    42 ||    42
Dodge: Dodged            |    96 |    57 ||   153
Block: Buckler           |    36 |    22 ||    58

Table legend: (Time is in decaauts)
 A = Elapsed time spent in this place.
 B = Non-inter-level travel time spent in this place.
 C = Inter-level travel time spent in this place.
 D = Time resting spent in this place.
 E = Time spent auto-exploring this place.
 F = Levels seen in this place.
 G = Mean time per level.
                   A        B        C        D        E       F      G
               +--------+--------+--------+--------+--------+-----+--------+
         Total |   4441 |   4285 |    156 |      0 |   3557 |   4 | 1110.2 |
       Dungeon |   4441 |   4285 |    156 |      0 |   3557 |   4 | 1110.2 |
               +--------+--------+--------+--------+--------+-----+--------+

Top non-repeatable levels by time:
     D:3: 1307 daAuts
     D:4: 1117 daAuts
     D:2: 1065 daAuts
     D:1: 950 daAuts
